 Dungeon Crawl Stone Soup version 0.24.0-13-gcf9b3192b9 (webtiles) character file.

Game seed: 2152158685562104027, levelgen mode: deterministic

138001 tilp the Black Belt (level 17, 0/142 HPs)
             Began as an Octopode Transmuter on Nov 8, 2019.
             Was a High Priest of Ru.
             Slain by a spectral eight-headed hydra (2 damage)
             ... called from beyond by a ghost crab
             ... on level 4 of the Swamp.
             The game lasted 01:57:59 (49522 turns).

tilp the Black Belt (Octopode Transmuter)          Turns: 49522, Time: 01:57:59

Health: 0/142      AC:  7    Str: 10    XL:     17   Next: 25%
Magic:  29/29      EV: 22    Int: 25    God:    Ru [*****.]
Gold:   1829       SH:  2    Dex: 17    Spells: 10/32 levels left

rFire    . . .     SeeInvis +     - Unarmed
rCold    + + +     Gourm    .   (helmet currently unavailable)
rNeg     + . .     Faith    .   z - amulet of Beagased {Reflect +Inv rN+ SH+2}
rPois    +         Spirit   .   j - ring of see invisible
rElec    .         Reflect  +   n - +4 ring of evasion
rCorr    .         Harm     .   r - ring of protection from fire
MR       +....                  M - +5 ring of dexterity
Stlth    +++.......             Z - ring of protection from cold
HPRegen  0.33/turn              W - +3 ring of intelligence
MPRegen  0.21/turn              y - ring of poison resistance

@: ice-form, lightly drained
A: large, almost no armour, stealthy swim, amphibious, 7 rings, (constrict 7),
missing a hand, no fire magic, no necromancy magic, no summoning magic,
unskilled 1
a: End Transformation, Draw Out Power, Power Leap, Apocalypse, Renounce
Religion, Evoke Invisibility


You were on level 4 of the Swamp.
You worshipped Ru.
Ru was extremely pleased with you.
You were not hungry.
You were a creature of crystalline ice.
You visited 4 branches of the dungeon, and saw 27 of its levels.
You also visited: Gauntlet.

You collected 2571 gold pieces.
You spent 742 gold pieces at shops.

Inventory:

Missiles
 b - 59 poisoned darts (quivered)
 l - 11 javelins
 t - 753 arrows
 Q - 19 curare-tipped darts
Magical Staves
 a - an uncursed staff of wizardry
Jewellery
 j - a ring of see invisible (left front paw)
 n - a +4 ring of evasion (right front paw)
 r - a ring of protection from fire (on tentacle)
 y - a ring of poison resistance (on tentacle)
 z - the amulet of Beagased (around neck) {Reflect +Inv rN+ SH+2}
   (You took it off a centaur on level 6 of the Dungeon)

   [amulet of reflection]

   It shields you and reflects attacks.
   It protects you from negative energy.
   It lets you turn invisible.
   It affects your SH (+2).
 H - an uncursed amulet of the acrobat
 M - a +5 ring of dexterity (on tentacle)
 W - a +3 ring of intelligence (on tentacle)
 Y - an uncursed ring of protection from fire
 Z - a ring of protection from cold (on tentacle)
Wands
 e - a wand of iceblast (28)
 m - a wand of paralysis (20)
 I - a wand of polymorph (40)
 J - a wand of enslavement (12)
 N - a wand of flame (43)
 P - a wand of digging (21)
 R - a wand of clouds (8)
 X - a wand of disintegration (16)
Scrolls
 g - 14 scrolls of remove curse
 v - 10 scrolls of teleportation
 x - 4 scrolls of identify
 B - 4 scrolls of fear
 D - a scroll of holy word
 E - 4 scrolls of amnesia
 F - a scroll of summoning
 L - 3 scrolls of fog
 O - 3 scrolls of magic mapping
Potions
 d - 4 potions of agility
 h - 4 potions of flight
 k - 6 potions of lignification
 o - 2 potions of invisibility
 p - a potion of resistance
 q - 3 potions of curing
 s - 5 potions of brilliance
 u - 7 potions of haste
 A - 5 potions of ambrosia
 C - 5 potions of magic
 G - 2 potions of might
 K - a potion of berserk rage
 S - 4 potions of mutation
 T - 2 potions of heal wounds
 U - 2 potions of cancellation
Miscellaneous
 w - a phial of floods
 V - a crystal ball of energy
Comestibles
 c - 30 rations
 f - 8 chunks of flesh


   Skills:
 - Level 12.0(11.6) Fighting
 - Level 12.0(11.6) Dodging
 - Level 6.2(5.8) Stealth
 + Level 16.3(15.9) Unarmed Combat
 - Level 8.0(7.6) Spellcasting
 - Level 10.0(9.6) Transmutations
 - Level 4.0(3.7) Poison Magic
 - Level 6.0(5.7) Evocations


You had 10 spell levels left.
You knew the following spells:

 Your Spells              Type           Power        Failure   Level  Hunger
a - Beastly Appendage     Tmut           ######       1%          1    None
b - Sticks to Snakes      Tmut           ######..     1%          2    None
c - Spider Form           Tmut/Pois      #####.....   1%          3    None
d - Ice Form              Ice/Tmut       ####....     9%          4    ##.....
e - Blade Hands           Tmut           ######....   3%          5    #####..
f - Mephitic Cloud        Conj/Pois/Air  ###.....     12%         3    None
g - Shroud of Golubria    Chrm/Tloc      #.....       10%         2    None
h - Apportation           Tloc           #.....       6%          1    None
i - Confusing Touch       Hex            #.....       6%          1    None

Your spell library contained the following spells:

 Spells                   Type           Power        Failure   Level  Hunger
 Sting                    Conj/Pois      ###.         3%          1    None
 Poisonous Vapours        Pois/Air       ###...       4%          2    None
 Corona                   Hex            #......      6%          1    None
 Slow                     Hex            #.......     10%         2    None
 Alistair's Intoxication  Tmut/Pois      #####...     11%         5    #####..
 Olgreb's Toxic Radiance  Pois           ####....     14%         4    ##.....
 Portal Projectile        Hex/Tloc       #.....       19%         3    None
 Cause Fear               Hex            #.........   54%         4    ##.....
 Leda's Liquefaction      Hex/Erth       #.........   54%         4    ##.....
 Venom Bolt               Conj/Pois      ###.......   63%         5    #####..
 Iskenderun's Battlesphe  Conj/Chrm      #.......     87%         5    #####..
 Metabolic Englaciation   Hex/Ice        #.........   87%         5    #####..
 Bolt of Cold             Conj/Ice       #.........   100%        6    ######.
 Freezing Cloud           Conj/Ice/Air   #.........   100%        6    ######.
 Iron Shot                Conj/Erth      #.........   100%        6    ######.
 Ozocubu's Refrigeration  Ice            #.........   100%        6    ######.
 Orb of Destruction       Conj           #.........   100%        7    #######
 Animate Skeleton         Necr           Unusable     N/A         1    N/A
 Pain                     Necr           Unusable     N/A         1    N/A
 Summon Small Mammal      Summ           Unusable     N/A         1    N/A
 Inner Flame              Hex/Fire       Unusable     N/A         3    N/A
 Recall                   Summ/Tloc      Unusable     N/A         3    N/A
 Regeneration             Chrm/Necr      Unusable     N/A         3    N/A
 Vampiric Draining        Necr           Unusable     N/A         3    N/A
 Animate Dead             Necr           Unusable     N/A         4    N/A
 Aura of Abjuration       Summ           Unusable     N/A         5    N/A
 Bolt of Magma            Conj/Fire/Erth Unusable     N/A         5    N/A
 Borgnjor's Vile Clutch   Necr/Erth      Unusable     N/A         5    N/A
 Summon Demon             Summ           Unusable     N/A         5    N/A
 Summon Forest            Summ/Tloc      Unusable     N/A         5    N/A
 Summon Mana Viper        Hex/Summ       Unusable     N/A         5    N/A
 Death Channel            Necr           Unusable     N/A         6    N/A
 Shadow Creatures         Summ           Unusable     N/A         6    N/A
 Simulacrum               Ice/Necr       Unusable     N/A         6    N/A
 Malign Gateway           Summ/Tloc      Unusable     N/A         7    N/A
 Spellforged Servitor     Conj/Summ      Unusable     N/A         7    N/A

Dungeon Overview and Level Annotations

Branches:
Dungeon (15/15)            Temple (0/1) D:4            Lair (6/6) D:10
  Swamp (4/4) Lair:4       Spider (0/4) Lair:3        Slime (0/5) Lair:6
    Orc (2/2) D:12            Elf (0/3) Orc:2        Vaults (0/5) D:14
 Depths (0/5) D:15        Gauntlet (visited)

Altars:
Dithmenos
Fedhas
Okawaru
Qazlal
Ru
Trog
Uskayaw
Vehumet
Wu Jian
Zin

Shops:
D:5 [   D:6 *   D:8 %   D:12 ([   Orc:2 ([[*

Annotations:
D:10 Snorg, Urug
D:11 2 runed translucent doors, OleJ's ghost, journeyman SpFE
D:12 exclusions: oklob plant and oklob sapling
Lair:3 4 exclusions
Lair:5 3 runed translucent doors, Sucuets's ghost, journeyman GrEE
Lair:6 2 runed translucent doors
Swamp:2 Frances


Innate Abilities, Weirdness & Mutations

You cannot wear most types of armour.
You are very stealthy in the water. (Stealth+)
You are amphibious.
You can wear up to seven rings at the same time.
((You can use your tentacles to constrict seven enemies at once.))
((Your skin changes colour to match your surroundings (Stealth+).))
((Your rubbery body absorbs attacks. (AC +1, EV +1)))
You are missing a hand.
You cannot study or cast Fire magic.
You cannot study or cast Necromancy magic.
You cannot study or cast Summoning magic.
You are somewhat unskilled. (-1 Apt)


Message History

The spectral eight-headed hydra bites you.
* * * LOW HITPOINT WARNING * * *
You partially resist.
You feel drained.
The spectral eight-headed hydra bites you but does no damage.
The spectral eight-headed hydra misses you.
As you read the scroll of summoning, it crumbles to dust.
Wisps of shadow whirl around you...
You are engulfed in spectral mist.
* * * LOW HITPOINT WARNING * * *
The ghost crab stops glowing.
You focus your will and slow the ghost crab in retribution!
The spectral tyrant leech bites you.
* * * LOW HITPOINT WARNING * * *
The spectral eight-headed hydra closely misses you.
The spectral eight-headed hydra bites you but does no damage.
The spectral eight-headed hydra misses you.
The spectral eight-headed hydra bites you but does no damage.
The spectral eight-headed hydra bites you!
* * * LOW HITPOINT WARNING * * *
You partially resist.
You feel drained.
You die...

≈.≈≈.♣ ♣..≈♣♣♣
≈≈≈≈.♣ ♣≈≈≈.≈♣♣
≈≈.≈♣♣ ♣♣≈≈...♣♣
≈♣♣♣♣ ♣♣♣.≈≈.♣♣ ≈≈
♣♣ ♣♣≈≈≈.♣ ♣♣§≈≈≈
♣♣.≈§..♣♣♣♣..≈≈≈≈
♣♣.≈≈..≈♣♣..≈≈≈≈..
♣.≈≈§≈f.☼?...≈...
♣.≈≈§ZYZ☼≈.♣♣≈≈♣
♣♣≈..iZ.○☼..≈♣
♣♣♣♣♣♣ii≈..♣♣
♣♣♣☼t§†°.♣♣
.P.§○§.≈≈≈.♣
≈.≈♣♣♣♣.Z≈≈.≈♣ ..
♣.≈.≈≈.♣ ≈
≈.≈♣♣≈≈... ≈♣♣♣♣
§≈≈≈≈≈≈


You could see a ghost crab, a spectral tyrant leech, a spectral eight-headed
hydra, a spectral seven-headed hydra, a spectral spiny frog, a friendly thorn
hunter, a friendly spriggan druid and 2 friendly spriggans.

Vanquished Creatures
  Rupert (D:13)
  A thorn hunter (Swamp:4)
  A stone giant (Orc:1)
  A dire elephant (D:15)
  A minotaur (Gauntlet)
  3 ogre magi (D:15)
  2 shambling mangroves
  Fannar (D:10)
  2 vault guards (D:14)
  14 hydras
  A ghost crab (Swamp:1)
  8 two-headed ogres
  2 centaur warriors (D:15)
  14 alligators
  4 orc high priests (Orc:2)
  7 spriggans
  A fire crab (Lair:6)
  6 unseen horrors
  A wizard (D:14)
  3 spriggan druids
  A swamp dragon (Swamp:1)
  3 necromancers
  3 large abominations (Gauntlet)
  3 deep elf magi
  An orc sorcerer (Orc:2)
  4 orc knights
  15 ugly things
  A salamander (D:15)
  4 manticores
  5 cyclopes
  3 elephants (Lair:5)
  6 black mambas
  A torpor snail (Lair:4)
  17 spiny frogs
  2 molten gargoyles (Lair:6)
  A yaktaur (D:14)
  10 komodo dragons
  A swamp worm zombie (Swamp:4)
  A freezing wraith (D:14)
  A rime drake (Lair:2)
  2 trolls
  A polar bear (Lair:5)
  12 tyrant leeches
  An alligator zombie (Swamp:4)
  Grinder (D:5)
  3 bog bodies
  17 hornets
  17 blink frogs
  11 slime creatures
  2 dream sheep (D:11)
  4 hippogriffs
  6 wraiths
  A vampire (D:12)
  6 wyverns
  42 yaks
  A shadow (Swamp:3)
  4 basilisks
  3 hungry ghosts
  19 humans (D:14)
  3 steam dragons
  3 wargs
  22 vampire mosquitoes
  Menkaure (D:4)
  9 insubstantial wisps
  17 swamp worms
  A soldier ant (D:14)
  2 acid dragons
  17 water moccasins
  4 hell hounds (Lair:6)
  5 porcupines
  28 orc warriors
  6 swamp drakes
  3 ice beasts
  3 sky beasts
  A black bear (shapeshifter) (D:13)
  A hornet zombie (D:15)
  A black bear (D:10)
  25 centaurs
  23 ogres
  19 wolves
  9 crocodiles
  5 big kobolds
  Blork the orc (D:4)
  12 bullfrogs
  A gnoll sergeant (D:5)
  A water moccasin skeleton (D:6)
  4 scorpions
  5 small abominations (Gauntlet)
  3 wights (D:8)
  4 howler monkeys
  9 crimson imps
  4 lava snakes (Lair:6)
  6 centaur zombies
  5 jellies
  3 bullfrog zombies
  5 bullfrog skeletons
  2 centaur skeletons
  20 orc priests
  7 hounds
  Ijyb (D:4)
  3 iguanas
  30 orc wizards
  Natasha (thrice) (D:2)
  2 hell rats (Lair:3)
  11 worker ants
  3 hound zombies
  2 hound skeletons
  Robin (D:2)
  8 gnolls (D:5)
  A howler monkey skeleton (D:9)
  12 adders
  8 river rats (Lair:3)
  3 shadow imps
  12 white imps (Lair:3)
  2 oozes
  2 adder skeletons
  A worm (D:2)
  A dart slug (D:1)
  2 leopard geckos
  75 orcs
  6 giant cockroaches
  10 goblins
  10 hobgoblins
  5 jackals
  18 kobolds
  6 quokkas
  6 ball pythons (D:12)
  5 bats
  6 frilled lizards
  A quokka skeleton (D:5)
  5 rats
  2 briar patches (Swamp:4)
  3 fungi (Lair:6)
  A plant (D:12)
877 creatures vanquished.

Vanquished Creatures (collateral kills)
  A bog body (Swamp:4)
  A water moccasin (Lair:5)
  An orc wizard (D:7)
  An adder (D:7)
  An orc (D:7)
5 creatures vanquished.

Vanquished Creatures (others)
  A shambling mangrove (Swamp:1)
  An orc knight (Orc:2)
  An elephant (Lair:5)
  2 tyrant leeches (Swamp:1)
  A troll (D:13)
  A hippogriff (Lair:2)
  A vampire mosquito (Swamp:4)
  An orc (Orc:2)
  5 briar patches (Swamp:4)
  2 fungi (Lair:5)
  12 plants
28 creatures vanquished.

Grand Total: 910 creatures vanquished

Notes
Turn   | Place    | Note
-------+----------+-------------------------------------------
     0 | D:1      | tilp the Octopode Transmuter began the quest for the Orb.
     0 | D:1      | Reached XP level 1. HP: 13/13 MP: 3/3
   206 | D:1      | Reached XP level 2. HP: 7/18 MP: 3/5
  1117 | D:2      | Reached XP level 3. HP: 24/24 MP: 4/6
  1121 | D:2      | Learned a level 2 spell: Sticks to Snakes
  1125 | D:2      | Learned a level 3 spell: Spider Form
  1943 | D:2      | Found a sacrificial altar of Ru.
  1959 | D:2      | Reached XP level 4. HP: 25/30 MP: 5/7
  2042 | D:2      | Became a worshipper of Ru the Awakened
  2148 | D:2      | Reached skill level 4 in Unarmed Combat
  2179 | D:2      | Noticed Natasha
  2190 | D:2      | Killed Natasha
  2446 | D:2      | Noticed Natasha
  2453 | D:2      | Killed Natasha
  2453 | D:2      | Reached XP level 5. HP: 21/36 MP: 1/8
  2601 | D:2      | Noticed Robin
  2608 | D:2      | Killed Robin
  2684 | D:2      | Noticed Natasha
  2696 | D:2      | Killed Natasha
  2888 | D:3      | Found a faded altar of an unknown god.
  3154 | D:3      | Found a stormy altar of Qazlal.
  3184 | D:3      | Found an iron altar of Okawaru.
  3628 | D:4      | Noticed Ijyb
  3666 | D:4      | Reached skill level 5 in Unarmed Combat
  3666 | D:4      | Reached XP level 6. HP: 43/43 MP: 7/9
  4128 | D:4      | Noticed Menkaure
  4132 | D:4      | Killed Menkaure
  4132 | D:4      | Reached skill level 6 in Unarmed Combat
  4140 | D:4      | Reached XP level 7. HP: 48/48 MP: 10/10
  4149 | D:4      | Gained mutation: You cannot study or cast Fire magic. [Ru
                  | sacrifice]
  4149 | D:4      | Gained mutation: You cannot study or cast Necromancy magic.
                  | [Ru sacrifice]
  4149 | D:4      | Gained mutation: You cannot study or cast Summoning magic.
                  | [Ru sacrifice]
  4149 | D:4      | Reached * piety under Ru
  4205 | D:4      | Noticed Blork the orc
  4530 | D:4      | Found a blossoming altar of Fedhas.
  4841 | D:5      | Entered Level 5 of the Dungeon
  4954 | D:5      | Found an ornate altar of the Wu Jian Council.
  4955 | D:5      | Noticed Grinder
  5783 | D:5      | Found Tait's Antique Armour Shop.
  6183 | D:6      | Reached skill level 5 in Transmutations
  6284 | D:6      | Found a radiant altar of Vehumet.
  6403 | D:5      | Learned a level 4 spell: Ice Form
  6912 | D:6      | Found Jutasag's Assorted Antiques.
  6922 | D:6      | Reached XP level 8. HP: 34/54 MP: 9/11
  7061 | D:6      | Bought a potion of lignification for 69 gold pieces
  7061 | D:6      | Bought a potion of curing for 69 gold pieces
  7061 | D:6      | Bought a scroll labeled YSAFOR TAOGA for 23 gold pieces
  7061 | D:6      | Bought a short silver wand for 92 gold pieces
  7061 | D:6      | Bought a scroll of remove curse for 69 gold pieces
  7092 | D:6      | Reached skill level 1 in Stealth
  7345 | D:6      | Reached skill level 5 in Fighting
  7555 | D:6      | Identified the amulet of Beagased {Reflect +Inv rN+ SH+2}
  7562 | D:6      | Reached skill level 7 in Unarmed Combat
  7562 | D:6      | Reached XP level 9. HP: 61/61 MP: 10/12
  8143 | D:7      | Gained mutation: You are somewhat unskilled. (-1 Apt) [Ru
                  | sacrifice]
  8143 | D:7      | Reduced skill Fighting to level 5
  8143 | D:7      | Reduced skill Unarmed Combat to level 6
  8143 | D:7      | Reduced skill Spellcasting to level 1
  8143 | D:7      | Reduced skill Transmutations to level 5
  8143 | D:7      | Reached ** piety under Ru
  8143 | D:7      | Reached *** piety under Ru
  8218 | D:7      | Reached skill level 7 in Unarmed Combat
  8576 | D:7      | Found a glowing silver altar of Zin.
  8866 | D:7      | Found a hide-covered altar of Uskayaw.
  8900 | D:7      | Reached skill level 8 in Unarmed Combat
  9407 | D:8      | Noticed a two-headed ogre
  9449 | D:8      | Killed a two-headed ogre
  9449 | D:8      | Reached XP level 10. HP: 61/68 MP: 1/12
  9787 | D:8      | Found Vopub's Food Shoppe.
  9921 | D:8      | Reached skill level 5 in Dodging
 10352 | D:9      | Reached skill level 9 in Unarmed Combat
 10560 | D:9      | Found a shadowy altar of Dithmenos.
 10578 | D:9      | Noticed a two-headed ogre
 10629 | D:9      | Killed a two-headed ogre
 10897 | D:9      | Paralysed by a hornet for 1 turns
 11438 | D:9      | Gained mutation: You are missing a hand. [Ru sacrifice]
 11438 | D:9      | Reached **** piety under Ru
 11438 | D:9      | Reached ***** piety under Ru
 12411 | D:10     | Entered Level 10 of the Dungeon
 12433 | D:9      | Reached XP level 11. HP: 75/77 MP: 13/13
 12614 | D:10     | Noticed Sonja
 12616 | D:10     | Noticed Sonja
 12616 | D:10     | Sonja changed into Sonja the black bear
 12629 | D:10     | Killed Sonja the black bear
 12657 | D:10     | Noticed Fannar
 12689 | D:10     | Killed Fannar
 12689 | D:10     | Reached skill level 10 in Unarmed Combat
 12819 | D:10     | Noticed Snorg
 12864 | D:10     | Noticed Urug
 13231 | D:10     | Found a staircase to the Lair.
 13497 | D:10     | Learned a level 3 spell: Mephitic Cloud
 13541 | D:11     | Noticed a necromancer
 13543 | D:11     | Noticed OleJ's ghost (journeyman SpFE)
 13543 | D:11     | Noticed a lich
 13544 | D:11     | Noticed a skeletal warrior
 13544 | D:11     | Noticed a skeletal warrior
 13544 | D:11     | Noticed a skeletal warrior
 13545 | D:11     | Noticed a stone giant
 13576 | D:11     | Found a runed translucent door.
 13579 | D:11     | Found a runed translucent door.
 13649 | D:11     | Noticed a deep elf mage
 14018 | D:11     | Reached skill level 1 in Poison Magic
 14018 | D:11     | Reached skill level 5 in Stealth
 15201 | D:11     | Killed a deep elf mage
 15581 | D:11     | Noticed a three-headed hydra
 15592 | D:11     | Killed a three-headed hydra
 16183 | D:11     | Noticed a green ugly thing
 16197 | D:11     | Killed a green ugly thing
 16261 | D:11     | Noticed an ettin
 16512 | D:4      | Killed Ijyb
 16666 | Lair:1   | Entered Level 1 of the Lair of Beasts
 16769 | Lair:1   | Noticed a four-headed hydra
 16781 | Lair:1   | Killed a four-headed hydra
 17036 | Lair:1   | Reached XP level 12. HP: 82/82 MP: 7/18
 18587 | Lair:3   | Found a frozen archway.
 19181 | Lair:3   | Learned a level 5 spell: Blade Hands
 19952 | Lair:4   | Reached skill level 10 in Transmutations
 20153 | Lair:4   | Reached XP level 13. HP: 90/90 MP: 19/19
 20343 | Lair:4   | Reached skill level 5 in Evocations
 21340 | Lair:4   | Found a staircase to the Swamp.
 22596 | Lair:5   | Reached skill level 10 in Fighting
 22690 | Lair:5   | Reached XP level 14. HP: 74/99 MP: 9/20
 22817 | Lair:5   | Noticed Sucuets's ghost (journeyman GrEE)
 22844 | Lair:5   | Found a runed translucent gate.
 22845 | Lair:5   | Found a runed translucent gate.
 22846 | Lair:5   | Found a runed translucent gate.
 23488 | Lair:6   | Entered Level 6 of the Lair of Beasts
 24016 | Lair:5   | Reached skill level 10 in Dodging
 24341 | Lair:6   | Reached skill level 5 in Spellcasting
 24878 | Lair:6   | Identified a scroll of acquirement
 24928 | Lair:6   | Found a staircase to the Slime Pits.
 25831 | Lair:6   | Reached skill level 11 in Unarmed Combat
 26275 | Lair:6   | Found a large runed translucent door.
 26942 | Lair:6   | Found a large runed translucent door.
 27608 | D:12     | Found Joirom's Armour Shop.
 27690 | D:12     | Found a gate leading to a gauntlet.
 27711 | Gauntlet | Entered a Gauntlet
 27711 | Gauntlet | Found a transporter.
 27711 | Gauntlet | Found a runed translucent door.
 27732 | Gauntlet | Found a runed translucent door.
 27739 | Gauntlet | Found a transporter.
 27741 | Gauntlet | Found a transporter.
 27749 | Gauntlet | Found a runed translucent gate.
 27750 | Gauntlet | Found a runed translucent gate.
 27750 | Gauntlet | Found a transporter.
 27752 | Gauntlet | Found a transporter.
 27760 | Gauntlet | Found a transporter.
 27763 | Gauntlet | Found the +8 whip "Snakebite" {curare, rPois}
 27782 | Gauntlet | Found a transporter.
 27795 | Gauntlet | Found a transporter.
 27805 | Gauntlet | Found a transporter.
 27825 | Gauntlet | Found a transporter.
 27840 | Gauntlet | Found a transporter.
 27840 | Gauntlet | Found a transporter.
 27887 | Gauntlet | Found a transporter.
 27901 | Gauntlet | Found a transporter.
 27910 | Gauntlet | Found a runed translucent gate.
 28135 | Gauntlet | Reached skill level 12 in Unarmed Combat
 28585 | Gauntlet | Identified the +6 lajatang "Wughuyzo" {protect, +Blink}
 28623 | Gauntlet | Identified the Papyrus of Shifting Dislocation
 28779 | Gauntlet | Learned a level 2 spell: Shroud of Golubria
 29177 | D:12     | Found Heth's Weapon Shop.
 29177 | D:12     | Found a staircase to the Orcish Mines.
 29811 | D:12     | Reached XP level 15. HP: 84/103 MP: 19/24
 30044 | D:12     | Identified the Catalogue of Nature
 30069 | D:12     | Reached skill level 13 in Unarmed Combat
 30782 | Orc:1    | Entered Level 1 of the Orcish Mines
 31289 | Orc:2    | Entered Level 2 of the Orcish Mines
 31756 | Orc:1    | Noticed an orc warlord
 33629 | Orc:2    | Reached skill level 14 in Unarmed Combat
 33676 | Orc:2    | Found Dolesieb's General Store.
 33676 | Orc:2    | Found Rimer's Armour Shop.
 33677 | Orc:2    | Found Saxugro's Weapon Boutique.
 33680 | Orc:2    | Found Nenk's Armour Boutique.
 33683 | Orc:2    | Bought a potion of heal wounds for 75 gold pieces
 33728 | Orc:2    | Found a staircase to the Elven Halls.
 34249 | D:6      | Bought a hardcover book for 345 gold pieces
 34335 | D:4      | Killed Blork the orc
 34369 | D:4      | Found a staircase to the Ecumenical Temple.
 34472 | D:5      | Killed Grinder
 35012 | D:13     | Found a bloodstained altar of Trog.
 35766 | D:13     | Noticed Rupert
 35876 | D:13     | Killed Rupert
 36619 | D:14     | Reached skill level 15 in Unarmed Combat
 37858 | D:14     | Found a gate to the Vaults.
 38494 | D:15     | Entered Level 15 of the Dungeon
 38500 | D:15     | Learned a level 1 spell: Apportation
 38502 | D:15     | Learned a level 1 spell: Confusing Touch
 38903 | D:15     | Reached XP level 16. HP: 104/111 MP: 21/26
 40555 | D:15     | Found a staircase to the Depths.
 41014 | Swamp:1  | Entered Level 1 of the Swamp
 43702 | Swamp:2  | HP: 3/136 [spriggan rider/+0 spear (21)]
 43707 | Swamp:1  | HP: 3/136 [spriggan rider/+0 spear (23)]
 45687 | Swamp:2  | Noticed Frances
 46776 | Swamp:3  | Reached XP level 17. HP: 114/119 MP: 24/29
 48130 | Swamp:4  | Entered Level 4 of the Swamp
 48145 | Swamp:3  | Reached skill level 16 in Unarmed Combat
 48587 | Swamp:3  | HP: 6/142 [tyrant leech (25)]
 49522 | Swamp:4  | HP: 2/142 [spectral eight-headed hydra[a ghost crab] (10)]
 49522 | Swamp:4  | Slain by a spectral eight-headed hydra

Levels and vault maps discovered:
D:1:      minmay_arrival_up_and_down, layout_loops_ring, minmay_cut_off
D:2:      layout_rooms, nicolae_ru_awakened_eye, uniq_natasha, uniq_robin
D:3:      layout_rooms, lemuel_round_altar, chequers_ecumenical_altar_simple,
          first_ration, nicolae_qazlal_eye_of_the_storm
D:4:      layout_loops_cross, nicolae_overflow_crystal_walls, temple_statues,
          uniq_blork_the_orc, uniq_menkaure, uniq_ijyb
D:5:      layout_loops_ring, basic_altar, serial_shops, shop, sigmund_army,
          uniq_grinder
D:6:      minmay_octagon_keep, layout_basic, kennysheep_little_box,
          serial_shops, shop
D:7:      layout_basic, kennysheep_mini, zin_treasury
D:8:      layout_basic, serial_shops, shop
D:9:      layout_layer_cave, nicolae_dithmenos_through_a_glass_darkly
D:10:     layout_cave_pools, david_lair_shrubbed, uniq_snorg, uniq_fannar,
          uniq_sonja, uniq_urug
D:11:     layout_irregular_city, muffindrake_ghost_dual_entry, hangedman_ranch
          [blue_anna_fruit_fields], st_stairs_9
D:12:     layout_basic, orc_david_3, gauntlet_entry_generic, st_stairs_6,
          introduction_to_nature_2
D:13:     layout_small_grid, basic_altar, uniq_rupert
D:14:     layout_cave_pods, grunt_vaults_entry_tiered
D:15:     hangedman_depths_entry_try_elsewhere_first, layout_irregular_city,
          serial_park_tiny_1, item_on_display_a
Lair:1:   layout_hall_layers, infiniplex_staircase_pool_2
Lair:2:   layout_regular_city
Lair:3:   layout_cave_shapes, spider_nest_entry_funnel_web,
          portal_ice_cave_entry_imps, kennysheep_rathole
Lair:4:   layout_cave_pods, minmay_swamp_entry_worms, minivault_19
Lair:5:   layout_cave_pods, gammafunk_ghost_icy, st_stairs_5
Lair:6:   cheibrodos_lair_end_hotspot, layout_loops_ring,
          minmay_slime_entry_pillars
Swamp:1:  layout_basic_swamp, evilmike_swamp_ruin_house_3, swamp_pool1
Swamp:2:  layout_basic_swamp, evilmike_swamp_ruin_house_2, swamp_pool1,
          infiniplex_staircase_pool, uniq_frances
Swamp:3:  layout_falls_marsh, evilmike_swamp_ruin_house_4
Swamp:4:  swamp_pestilence, layout_basic_swamp
Orc:1:    layout_caves
Orc:2:    st_orc_mages, layout_diamond_mine

Skill      XL: |  1  2  3  4  5  6  7  8  9 10 11 12 13 14 15 16 17 |
---------------+----------------------------------------------------+-----
Fighting       | 2 3 4 5 6 7 8 9 10 12 | 12.0
Unarmed Combat | 4 5 6 7 8 9 10 12 15 16 | 16.3
Transmutations | 5 6 6 7 10 | 10.0
Stealth        | 4 4 6 |  6.2
Dodging        | 4 4 6 7 9 10 12 | 12.0
Spellcasting   | 1 4 6 7 8 |  8.0
Poison Magic   | 4 |  4.0
Evocations     | 4 6 |  6.0

Action                   |  1- 3 |  4- 6 |  7- 9 | 10-12 | 13-15 | 16-18 || total
-------------------------+-------+-------+-------+-------+-------+-------++-------
Melee: Unarmed           |    89 |    75 |   322 |   578 |  1003 |   652 ||  2719
       Constrict         |    21 |    14 |    47 |    33 |   132 |    15 ||   262
       Kick              |    11 |    19 |    67 |    44 |     4 |     1 ||   146
       Tentacles         |    12 |    10 |    39 |    42 |   143 |    37 ||   283
       Punch             |     2 |     2 |    15 |    18 |    72 |    15 ||   124
Throw: Stone             |     2 |       |       |       |       |       ||     2
       Dart              |       |     7 |    42 |    23 |    32 |     2 ||   106
       Throwing net      |       |       |       |       |     1 |       ||     1
 Cast: Beastly Appendage |    17 |    16 |    38 |    34 |     1 |     1 ||   107
       Spider Form       |       |     2 |    12 |    31 |     8 |     1 ||    54
       Sticks to Snakes  |       |       |    16 |    14 |     2 |     1 ||    33
       Mephitic Cloud    |       |       |       |     1 |       |     2 ||     3
       Blade Hands       |       |       |       |     5 |   124 |    11 ||   140
       Ice Form          |       |       |       |     1 |     7 |    47 ||    55
       Shroud of Golubri |       |       |       |       |       |     1 ||     1
Invok: Sacrifice Arcana  |       |       |     1 |       |       |       ||     1
       Sacrifice Skill   |       |       |     1 |       |       |       ||     1
       Sacrifice a Hand  |       |       |       |     1 |       |       ||     1
       Power Leap        |       |       |       |     1 |     2 |       ||     3
       Apocalypse        |       |       |       |     1 |     2 |     2 ||     5
       Reject Sacrifices |       |       |       |       |     2 |     1 ||     3
 Abil: End Transformatio |       |       |       |       |    11 |       ||    11
Evoke: Wand              |       |       |       |     2 |     2 |       ||     4
  Use: Scroll            |       |     8 |     7 |    12 |    12 |     3 ||    42
       Potion            |       |     1 |     1 |     5 |       |     3 ||    10
 Stab: Sleeping          |     7 |       |     4 |     9 |     5 |     6 ||    31
       Distracted        |       |     1 |     1 |     4 |     6 |    10 ||    22
       Invisible         |       |       |     2 |     9 |    11 |     7 ||    29
       Paralysed         |       |       |       |     6 |     4 |     5 ||    15
       Confused          |       |       |       |       |     1 |     1 ||     2
  Eat: Chunk             |     4 |     7 |    21 |    33 |    60 |    22 ||   147
       Ration            |       |       |       |     3 |    10 |     5 ||    18
Armor: Skin              |     4 |    10 |     5 |    11 |    18 |    46 ||    94
Dodge: Dodged            |    43 |    49 |   238 |   412 |   747 |   447 ||  1936
Block: Other             |       |       |     8 |    24 |    41 |    29 ||   102
       Reflection        |       |       |     1 |       |     4 |     1 ||     6
